BSA
VISTA PANTHERS @ ST CHARLES SHEENS
08/07/2024
 
TOP OF THE 1ST
Vista Panthers batting - Pitching for St Charles Sheens : RHP Gustavo Ramos
Pitching: RHP Gustavo Ramos
Batting: RHB Danny Crouch 0-0: Foul Ball, location: 2F
0-1: Fly out, F8 (Flyball, 8LD)
Batting: SHB Juan Gómez 0-0: Called Strike
0-1: SINGLE (Groundball, 6M)
Batting: LHB Pablo Rivas 0-0: Ball
1-0: Called Strike
1-1: Fly out, F7 (Flyball, 78D)
Batting: RHB Wilson López 0-0: Ball
1-0: Foul Ball, location: 2F
1-1: Hit by Pitch
Juan Gómez to second
Pinch Runner at 1st Carlos Carrillo:
Batting: RHB Jason Jackson 0-0: Ball
1-0: 3-RUN HOME RUN (Flyball, 8LXD), Distance : 465 ft
Batting: LHB Patrick Osborne 0-0: Fly out, F8 (Flyball, 8LD)
Top of the 1st over - 3 run(s), 2 hit(s), 0 error(s), 0 left on base; Vista 3 - St Charles 0
BOTTOM OF THE 1ST
St Charles Sheens batting - Pitching for Vista Panthers : RHP António Galindo
Pitching: RHP António Galindo
Now at 2B: Carlos Carrillo
Batting: LHB Marcos Cantú 0-0: Ball
1-0: Called Strike
1-1: Ball
2-1: SINGLE (Groundball, 6M)
Batting: RHB Kel Pierce 0-0: Ball
1-0: Called Strike
1-1: Fly out, F4 (Line Drive, 4D)
Batting: LHB Jeff Carter Pickoff Throw to First - Error! E1
Marcos Cantú to second
0-0: Ball
1-0: Ball
2-0: Ball
3-0: Called Strike
3-1: Called Strike
3-2: TRIPLE (Flyball, 8RXD)
Marcos Cantú scores
Batting: LHB Gene Cooper 0-0: Called Strike
0-1: Foul Ball, location: 2F
0-2: Fly out, F4 (Line Drive, 4)
Batting: RHB Júlio Figueroa 0-0: Ground out 6-3 (Groundball, 6M)
Bottom of the 1st over - 1 run(s), 2 hit(s), 1 error(s), 1 left on base; Vista 3 - St Charles 1
TOP OF THE 2ND
Vista Panthers batting - Pitching for St Charles Sheens : RHP Gustavo Ramos
Batting: RHB John Mendelson 0-0: Called Strike
0-1: Swinging Strike
0-2: Strikes out swinging
Batting: RHB Roberto Cruz 0-0: Swinging Strike
0-1: Foul Ball, location: 2F
0-2: Ball
1-2: Strikes out swinging, 2-3 out at first.
Batting: LHB António Glaviz 0-0: Fly out, F9 (Line Drive, 9LD)
Top of the 2nd over - 0 run(s), 0 hit(s), 0 error(s), 0 left on base; Vista 3 - St Charles 1
BOTTOM OF THE 2ND
St Charles Sheens batting - Pitching for Vista Panthers : RHP António Galindo
Batting: RHB Alfredo Rivera 0-0: Ball
1-0: Ball
2-0: Ground out 6-3 (Groundball, 6M)
Batting: RHB Max Rash 0-0: Fly out, F7 (Line Drive, 7M)
Batting: RHB Tomás Estrada 0-0: Ball
1-0: Ball
2-0: Called Strike
2-1: Ball
3-1: Ground out 6-3 (Groundball, 6)
Bottom of the 2nd over - 0 run(s), 0 hit(s), 0 error(s), 0 left on base; Vista 3 - St Charles 1
TOP OF THE 3RD
Vista Panthers batting - Pitching for St Charles Sheens : RHP Gustavo Ramos
Batting: RHB Danny Crouch 0-0: Swinging Strike
0-1: Ground out 5-3 (Groundball, 15S)
Batting: SHB Juan Gómez 0-0: Ball
1-0: Foul Ball, location: 2F
1-1: Ball
2-1: Foul Ball, location: 2F
2-2: Strikes out swinging
Batting: LHB Pablo Rivas 0-0: Reached on error, E4 (Groundball, 4)
Batting: RHB Carlos Carrillo 0-0: Ball
1-0: Called Strike
1-1: Ball
2-1: Ball
3-1: SINGLE (Groundball, 56D)
Pablo Rivas to third
Runner from 3rd tries for Home, SAFE, no throw or cutoff
Batting: RHB Jason Jackson Balk!
Carlos Carrillo to second
0-0: Ball
1-0: Swinging Strike
1-1: Ball
2-1: Called Strike
2-2: Ball
3-2: Strikes out swinging
Top of the 3rd over - 1 run(s), 1 hit(s), 1 error(s), 1 left on base; Vista 4 - St Charles 1
BOTTOM OF THE 3RD
St Charles Sheens batting - Pitching for Vista Panthers : RHP António Galindo
Batting: RHB Guo-xiu Choi 0-0: Ball
1-0: Called Strike
1-1: Bunt missed!
1-2: DOUBLE (Flyball, 8LXD)
Batting: LHB Marcos Cantú 0-0: Ball
1-0: Called Strike
1-1: SINGLE (Groundball, 25) (infield hit)
Guo-xiu Choi to third
Batting: RHB Kel Pierce 0-0: Foul Ball, location: 2F
0-1: Ball
1-1: Foul Ball, location: 2F
1-2: Ball
2-2: Foul Ball, location: 2F
2-2: Grounds into double play, 5-4-3 (Groundball, 56)
Guo-xiu Choi scores
Batting: LHB Jeff Carter 0-0: Ball
1-0: Called Strike
1-1: Called Strike
1-2: Ball
2-2: Foul Ball, location: 2F
2-2: Ball
3-2: Foul Ball, location: 2F
3-2: Base on Balls
Batting: LHB Gene Cooper 0-0: Called Strike
0-1: Foul Ball, location: 2F
0-2: Foul Ball, location: 2F
0-2: Ball
1-2: Ball
2-2: Ball
3-2: SINGLE (Groundball, 34D)
Jeff Carter to second
Jeff Carter to third
Batting: RHB Júlio Figueroa 0-0: Ball
1-0: Fly out, F9 (Line Drive, 89D)
Bottom of the 3rd over - 1 run(s), 3 hit(s), 0 error(s), 2 left on base; Vista 4 - St Charles 2
TOP OF THE 4TH
Vista Panthers batting - Pitching for St Charles Sheens : RHP Gustavo Ramos
Batting: LHB Patrick Osborne 0-0: Ball
1-0: Ball
2-0: Called Strike
2-1: Swinging Strike
2-2: Foul Ball, location: 2F
2-2: Ball
3-2: Strikes out swinging
Batting: RHB John Mendelson 0-0: Ball
1-0: Swinging Strike
1-1: Ground out 5-3 (Groundball, 56)
Batting: RHB Roberto Cruz 0-0: Called Strike
0-1: Ball
1-1: Swinging Strike
1-2: Fly out, F8 (Flyball, 8LD)
Top of the 4th over - 0 run(s), 0 hit(s), 0 error(s), 0 left on base; Vista 4 - St Charles 2
BOTTOM OF THE 4TH
St Charles Sheens batting - Pitching for Vista Panthers : RHP António Galindo
Batting: RHB Alfredo Rivera 0-0: Called Strike
0-1: SINGLE (Line Drive, 6)
Batting: RHB Max Rash 0-0: Called Strike
0-1: Ball
1-1: Ball
2-1: Ball
3-1: SINGLE (Flyball, 89S)
Alfredo Rivera to second
Runner from 2nd tries for 3rd, SAFE, no throw or cutoff
Batting: RHB Tomás Estrada 0-0: Called Strike
0-1: Foul Ball, location: 2F
0-2: Ball
1-2: Ball
2-2: Ball
3-2: Foul Ball, location: 2F
3-2: Foul Ball, location: 2F
3-2: Ground out 5-3 (Groundball, 5S)
Alfredo Rivera scores
Max Rash to second
Batting: RHB Guo-xiu Choi 0-0: Foul Ball, location: 2F
0-1: Foul Ball, location: 2F
0-2: Ball
1-2: Strikes out looking
Batting: LHB Marcos Cantú 0-0: Ball
1-0: Ball
Wild Pitch!
Max Rash to third
2-0: Ball
3-0: Called Strike
3-1: Swinging Strike
3-2: Foul Ball, location: 2F
3-2: 2-RUN HOME RUN (Flyball, 7D), Distance : 389 ft
Batting: RHB Kel Pierce 0-0: Ground out 6-3 (Groundball, 6)
Bottom of the 4th over - 3 run(s), 3 hit(s), 0 error(s), 0 left on base; Vista 4 - St Charles 5
TOP OF THE 5TH
Vista Panthers batting - Pitching for St Charles Sheens : RHP Gustavo Ramos
Batting: LHB António Glaviz 0-0: Ground out 6-3 (Groundball, 6M)
Batting: RHB Danny Crouch 0-0: Called Strike
0-1: Ball
1-1: Foul Ball, location: 2F
1-2: Ball
2-2: Strikes out swinging
Batting: SHB Juan Gómez 0-0: Foul Ball, location: 2F
0-1: Ball
1-1: Swinging Strike
1-2: Fly out, F7 (Flyball, 7LS)
Top of the 5th over - 0 run(s), 0 hit(s), 0 error(s), 0 left on base; Vista 4 - St Charles 5
BOTTOM OF THE 5TH
St Charles Sheens batting - Pitching for Vista Panthers : RHP António Galindo
Batting: LHB Jeff Carter 0-0: Ball
1-0: Foul Ball, location: 2F
1-1: Ball
2-1: Ball
3-1: SINGLE (Groundball, 4M)
Batting: LHB Gene Cooper 0-0: Called Strike
0-1: Ball
1-1: Foul Ball, location: 2F
1-2: Fly out, F4 (Popup, 4)
Batting: RHB Júlio Figueroa 0-0: Ball
1-0: Ball
2-0: DOUBLE (Line Drive, 7LD)
Jeff Carter to third
Batting: RHB Alfredo Rivera 0-0: Ball
1-0: Called Strike
1-1: Ball
2-1: Ball
3-1: Foul Ball, location: 2F
3-2: Foul Ball, location: 2F
3-2: Foul Ball, location: 2F
3-2: Ground out 6-3 (Groundball, 6)
Batting: RHB Max Rash 0-0: Ball
1-0: DOUBLE (Flyball, 7D)
Jeff Carter scores
Júlio Figueroa scores
Pitching: LHP Ricardo García
Batting: RHB Tomás Estrada 0-0: Fly out, F8 (Flyball, 8RM)
Bottom of the 5th over - 2 run(s), 3 hit(s), 0 error(s), 1 left on base; Vista 4 - St Charles 7
TOP OF THE 6TH
Vista Panthers batting - Pitching for St Charles Sheens : RHP Gustavo Ramos
Batting: LHB Pablo Rivas 0-0: Ball
1-0: Ball
2-0: Ground out 3-1 (Groundball, 34S)
Batting: RHB Carlos Carrillo 0-0: Called Strike
0-1: Ground out 6-3 (Groundball, 6)
Batting: RHB Jason Jackson 0-0: Ball
1-0: Ball
2-0: SINGLE (Line Drive, 6D)
Batting: LHB Patrick Osborne 0-0: Called Strike
0-1: Swinging Strike
0-2: Fly out, F9 (Flyball, 9D)
Top of the 6th over - 0 run(s), 1 hit(s), 0 error(s), 1 left on base; Vista 4 - St Charles 7
BOTTOM OF THE 6TH
St Charles Sheens batting - Pitching for Vista Panthers : LHP Ricardo García
Batting: RHB Guo-xiu Choi 0-0: Ground out 4-3 (Groundball, 4M)
Batting: LHB Marcos Cantú 0-0: SINGLE (Groundball, 4MD)
Batting: RHB Kel Pierce 0-0: Ball
1-0: Called Strike
1-1: Ball
2-1: Grounds into double play, 4-6-3 (Groundball, 4)
Bottom of the 6th over - 0 run(s), 1 hit(s), 0 error(s), 0 left on base; Vista 4 - St Charles 7
TOP OF THE 7TH
Vista Panthers batting - Pitching for St Charles Sheens : RHP Gustavo Ramos
Batting: RHB John Mendelson 0-0: Ball
1-0: Bunt for hit - play at first, batter OUT! 1-3
Batting: RHB Roberto Cruz 0-0: Ball
1-0: Ball
2-0: Ball
3-0: Called Strike
3-1: Called Strike
3-2: SINGLE (Line Drive, 7S)
Pitching: LHP Shan Liu
Batting: LHB António Glaviz 0-0: Ball
1-0: Called Strike
1-1: Ball
2-1: Ball
3-1: Fielders Choice at 2nd, 4-6 (Groundball, 34)
Batting: RHB Danny Crouch Pickoff Throw to First - Error! E1
António Glaviz to second
0-0: Ball
1-0: SINGLE (Line Drive, 7S)
António Glaviz to third
Batting: SHB Juan Gómez 0-0: Foul Ball, location: 2F
0-1: Ball
1-1: Fielders Choice at 2nd, U4 (Groundball, 4M)
Top of the 7th over - 0 run(s), 2 hit(s), 1 error(s), 2 left on base; Vista 4 - St Charles 7
BOTTOM OF THE 7TH
St Charles Sheens batting - Pitching for Vista Panthers : LHP Ricardo García
Batting: LHB Jeff Carter 0-0: Ball
1-0: Called Strike
1-1: Ball
2-1: Called Strike
2-2: Fly out, F8 (Flyball, 8LM)
Batting: LHB Gene Cooper 0-0: Foul Ball, location: 2F
0-1: Ball
1-1: Ball
2-1: DOUBLE (Line Drive, 3D)
Batting: RHB Júlio Figueroa 0-0: Ball
1-0: Foul Ball, location: 2F
1-1: Called Strike
1-2: Foul Ball, location: 2F
1-2: Ball
2-2: Ball
3-2: Foul Ball, location: 2F
3-2: Foul Ball, location: 2F
3-2: 2-RUN HOME RUN (Flyball, 8LXD), Distance : 463 ft
Batting: RHB Alfredo Rivera 0-0: SINGLE (Line Drive, 4M)
Batting: RHB Max Rash 0-0: Called Strike
0-1: Called Strike
0-2: Ball
1-2: Strikes out looking
Batting: RHB Tomás Estrada 0-0: Fly out, F7 (Line Drive, 78D)
Bottom of the 7th over - 2 run(s), 3 hit(s), 0 error(s), 1 left on base; Vista 4 - St Charles 9
TOP OF THE 8TH
Vista Panthers batting - Pitching for St Charles Sheens : LHP Shan Liu
Now at C: Xavier Feliciano
Batting: LHB Pablo Rivas 0-0: Called Strike
0-1: Ball
1-1: Foul Ball, location: 2F
1-2: Foul Ball, location: 2F
1-2: Foul Ball, location: 2F
1-2: Strikes out swinging
Batting: RHB Carlos Carrillo 0-0: Called Strike
0-1: Ball
1-1: Foul Ball, location: 2F
1-2: Foul Ball, location: 2F
1-2: Ground out 4-3 (Groundball, 4)
Batting: RHB Jason Jackson 0-0: Fly out, F8 (Flyball, 8LXD)
Top of the 8th over - 0 run(s), 0 hit(s), 0 error(s), 0 left on base; Vista 4 - St Charles 9
BOTTOM OF THE 8TH
St Charles Sheens batting - Pitching for Vista Panthers : LHP Ricardo García
Pitching: LHP Xavier Velázquez
Batting: RHB Guo-xiu Choi 0-0: Called Strike
0-1: Swinging Strike
0-2: Ball
1-2: Ball
2-2: Strikes out swinging
Batting: LHB Marcos Cantú 0-0: Ball
1-0: Ball
2-0: Ground out 4-3 (Groundball, 4)
Batting: RHB Kel Pierce 0-0: Ball
1-0: Called Strike
1-1: Foul Ball, location: 2F
1-2: Ball
2-2: Strikes out swinging
Bottom of the 8th over - 0 run(s), 0 hit(s), 0 error(s), 0 left on base; Vista 4 - St Charles 9
TOP OF THE 9TH
Vista Panthers batting - Pitching for St Charles Sheens : LHP Shan Liu
Batting: LHB Patrick Osborne 0-0: Ground out 6-3 (Groundball, 6)
Batting: RHB John Mendelson 0-0: Ball
1-0: Foul Ball, location: 2F
1-1: Called Strike
1-2: Ball
2-2: Foul Ball, location: 2F
2-2: Ground out 4-3 (Groundball, 4)
Batting: RHB Roberto Cruz 0-0: Ball
1-0: Ball
2-0: Swinging Strike
2-1: SOLO HOME RUN (Line Drive, 7LD), Distance : 375 ft
Batting: LHB António Glaviz 0-0: Called Strike
0-1: Foul Ball, location: 2F
0-2: Strikes out swinging
Top of the 9th over - 1 run(s), 1 hit(s), 0 error(s), 0 left on base; Vista 5 - St Charles 9
This league is powered by Out of the Park Baseball, the baseball management simulation game for PC, Mac and Linux
Saturday, April 9th, 2016 - OOTP Baseball 16.8 Build 38